AoeStats
← gabrielaA23

Black Forest

508141856Analyzed
2v2 RM · 12d ago on Sep 21, 2026· 25m 39s· 4 players
Game mode
Random Map
Map size
Medium (4 player)
Population
200
Speed
Normal
Resources
Standard
Victory
Conquest
Starting age
Dark Age
Ending age
Imperial Age
RankedLock teamsTeams togetherTeam positionsShared explorationLock speedFull tech treeHidden civsTurbo modeCheats
Victory
Defeat
🇨🇴 Slavs · Colombia
750
+14
718
+15
🇦🇷 Teutons · Argentina
767
-36
🇦🇷 Turks · Argentina
628
-12
gabrielaA23
13:06 Feudal Age
26:30 Castle Age
chemadc5965
14:21 Feudal Age
Navix de los Bosques de Lituania
5:24 Loom
11:10 Feudal Age
12:06 Man-at-Arms
12:31 Arson
14:11 Forging
14:01 Scale Mail Armor
14:45 Long Swordsman
20:05 Horse Collar
20:12 Double-Bit Axe
21:29 Pikeman
25:09 Wheelbarrow
Derzer
8:14 Loom
10:12 Feudal Age
15:20 Horse Collar
17:50 Scale Barding Armor
18:27 Bloodlines
25:07 Double-Bit Axe
Connection lost

Rejoining the realm…

Still unreachable

The connection could not be restored.

Session expired

The server has moved on; the page needs a fresh start.